 Dungeon Sprint DCSS version 0.18-a0-1267-gff090c1 (webtiles) character file.

1238 nuthulu the Warrior (level 11, -24/114 HPs)
             Began as a Minotaur Berserker on Feb 6, 2016.
             Was the Champion of Trog.
             Hit by a large rock thrown by Polyphemus (31 damage)
             ... in the Dungeon (Sprint VI: "Thunderdome").
             The game lasted 00:07:41 (1344 turns).

nuthulu the Warrior (Minotaur Berserker)            Turns: 1344, Time: 00:07:41

Health: -24/114    AC: 11    Str: 21    XL:     11   Next: 24%
Magic:  19/19      EV: 20    Int:  8    God:    Trog [******]
Gold:   383        SH:  0    Dex: 18    Spells: 0 memorised, 10 levels left

rFire  + . .     SeeInvis +     u - +7 executioner's axe (flame)
rCold  . . .     Gourm    .     q - +0 scale mail
rNeg   + . .     Faith    .     (shield currently unavailable)
rPois  .         Spirit   .     (helmet restricted)
rElec  +         Dismiss  .     (no cloak)
rCorr  .         Reflect  .     (no gloves)
SustAt .         Harm     +     x - +0 pair of boots of Asykloqu {rF+ rN+ MR-}
MR     +....     NoTele   +     o - amulet "Fevepix" {Harm *Drain MP+9 Int+4 Dex+4}
Stlth  ..........               p - ring "Emurph" {rElec SInv}
                                r - ring of Ymmow {Slay+2 SInv}

@: regenerating, somewhat resistant to hostile enchantments, extremely
unstealthy
A: retaliatory headbutt, horns 2
a: Berserk, Trog's Hand, Brothers in Arms, Burn Spellbooks, Renounce Religion
}: 1/15 runes: decaying


You were in the Dungeon.
You worshipped Trog.
Trog was exalted by your worship.
You were not hungry.

You visited 1 branch You collected 1480 gold pieces.
You spent 1097 gold pieces at shops.

Inventory:

Hand Weapons
 a - a +0 hand axe
 n - a +0 broad axe
 t - a +4 antimagic battleaxe
 u - a +7 executioner's axe of flaming (weapon)
 y - a +2 antimagic executioner's axe
Armour
 b - a +0 animal skin
 q - a +0 scale mail (worn)
 x - the +0 pair of boots of Asykloqu (worn) {rF+ rN+ MR-}
   (You bought it in a shop in the Dungeon)

   It protects you from fire.
   It protects you from negative energy.
   It affects your resistance to hostile enchantments.
Jewellery
 o - the amulet "Fevepix" (around neck) {Harm *Drain MP+9 Int+4 Dex+4}
   (You bought it in a shop in the Dungeon)

   [amulet of harm]

   It increases damage dealt and taken.
   It affects your intelligence (+4).
   It affects your dexterity (+4).
   It affects your magic capacity (+9).
 p - the ring "Emurph" (right hand) {rElec SInv}
   (You bought it in a shop in the Dungeon)

   [ring of see invisible]

   It insulates you from electricity.
   It lets you see invisible.
 r - the ring of Ymmow (left hand) {Slay+2 SInv}
   (You bought it in a shop in the Dungeon)

   [ring of see invisible]

   It affects your accuracy and damage with ranged weapons and melee attacks
   (+2).
   It lets you see invisible.
 s - the ring "Maet" {MP+9 Slay+2}
   (You bought it in a shop in the Dungeon)

   [ring of magical power]

   It affects your accuracy and damage with ranged weapons and melee attacks
   (+2).
   It affects your magic capacity (+9).
Wands
 j - a wand of acid (5/15)
 k - a wand of iceblast (5/15)
 v - a wand of heal wounds (4/9)
Scrolls
 i - 4 scrolls of blinking
 l - 3 scrolls of fog
 w - 2 scrolls of identify
Potions
 d - a potion of curing
 e - 7 potions of heal wounds
 f - 7 potions of haste
 g - 3 potions of magic
 h - a potion of berserk rage
 m - a potion of resistance
Comestibles
 c - a bread ration
 z - 6 chunks of flesh


   Skills:
 + Level 16.0 Fighting
 + Level 16.0 Axes
 - Level 15.2 Armour
 - Level 14.1 Dodging


You had 10 spell levels left.
You didn't know any spells.

Dungeon Overview and Level Annotations

Branches:
Dungeon (1/1)

Altars:
Cheibriados
Dithmenos
Fedhas
Gozag
Kikubaaqudgha
Makhleb
Okawaru
Pakellas
Qazlal
Ru
Sif Muna
Trog
Vehumet
Xom
Yredelemnul
Zin
The Shining One
Jiyva
Lugonu

Shops:
D *[%??*?*:[((!!!!

Annotations:
D Polyphemus


Innate Abilities, Weirdness & Mutations

You reflexively headbutt those who attack you in melee.
You have a pair of horns on your head.


Message History

You see here a large rock.
Polyphemus shouts, "Attack, my pets!
Attack!"
Polyphemus throws a large rock.
The large rock misses you.
You see here a runed battleaxe {god gift}.
Polyphemus closely misses you. Polyphemus hits you!
You slash Polyphemus! You burn Polyphemus.
Polyphemus is lightly wounded.
Polyphemus misses you. You furiously retaliate!
You headbutt Polyphemus. Polyphemus completely misses you.
You slash Polyphemus! You burn Polyphemus.
Polyphemus is lightly wounded.
You feel the effects of Trog's Hand fading.
Polyphemus hits you!!
* * * LOW HITPOINT WARNING * * *
Polyphemus hits you!
* * * LOW HITPOINT WARNING * * *
A merfolk comes into view. It is wielding a trident.
The merfolk shouts!
Polyphemus throws a large rock.
The large rock hits you!!
You die...

###∩........8†# #.8(......)∩###
##....)........###...((........#
#⌠..........###...###(.........⌠
#⌠.......[..# #.<.# #(÷..†.....⌠
#⌠..........###...###).........⌠
##..†..........###[............#
###∩......[.8.# #.8.†......∩###
##∩._...[..)###.(..(.___∩##
######.8)C.@..(..8.######
#⌠....)(.....m# ###........(###
#_......._# #_......._#
#_......._# #∩.......∩#
##∩.....∩## ##.....##


You could see Polyphemus and a merfolk.

Vanquished Creatures
  A wizard (D)
  A death yak (D)
  2 swamp dragons (D)
  A faun (D)
  Joseph (D)
  A komodo dragon (D)
  An efreet (D)
  2 fire drakes (D)
  3 queen bees (D)
  Sigmund (D)
  A yak (D)
  2 fire bats (D)
  A steam dragon (D)
  A fire elemental (D)
  A mottled dragon (D)
  4 hell hounds (D)
  A porcupine (D)
  9 dwarves (D)
  A swamp drake (D)
  A giant frog (D)
  A scorpion (D)
  4 killer bees (D)
  A jelly (D)
  Jessica (D)
  Terence (D)
  2 hell rats (D)
  A worker ant (D)
  2 adders (D)
  A river rat (D)
  An orc (D)
  A goblin (D)
  A ball python (D)
  A bat (D)
  A giant cockroach zombie (D)
  A rat (D)
56 creatures vanquished.

Notes
Turn   | Place    | Note
--------------------------------------------------------------
     0 | D        | nuthulu the Minotaur Berserker began the quest for the Orb.
     0 | D        | Reached XP level 1. HP: 19/19 MP: 0/0
     1 | D        | Found a radiant altar of Vehumet.
     2 | D        | Found a viscous altar of Jiyva.
     2 | D        | Found a burning altar of Makhleb.
     3 | D        | Found an oddly glowing altar of Pakellas.
     3 | D        | Found a sacrificial altar of Ru.
     4 | D        | Found a shimmering altar of Xom.
     4 | D        | Found a corrupted altar of Lugonu.
     4 | D        | Found Watageoh's Premium Goods.
     4 | D        | Found Reblucy's Weapon Rack.
     5 | D        | Found Meorunamp's Miscellaneous Merchandise.
     5 | D        | Found Ezihair's Basic Armour.
     5 | D        | Round 1.
    20 | D        | Bought a +0 broad axe for 120 gold pieces
    23 | D        | Found a deep blue altar of Sif Muna.
    25 | D        | Found an opulent altar of Gozag.
    25 | D        | Found a shadowy altar of Dithmenos.
    26 | D        | Found Qaacu's Do-It-Yourself Clinic.
    27 | D        | Found Dekhat's Bottled Wisdom.
    27 | D        | Found Anler's Distillery.
    28 | D        | Found a glowing golden altar of the Shining One.
    28 | D        | Found Kytyrunn's Distillery.
    38 | D        | Noticed Terence
    44 | D        | Found Boikh's Identification Station.
    44 | D        | Found a blossoming altar of Fedhas.
    44 | D        | Found a glowing silver altar of Zin.
    44 | D        | Found Fugupaat's Bee Food.
    45 | D        | Found Lyoparuiff's Advanced Armour.
    45 | D        | Found Emihah's Jewellery.
    48 | D        | Found an ancient bone altar of Kikubaaqudgha.
    53 | D        | Bought a brightly glowing ivory amulet for 45 gold pieces
    53 | D        | Identified the amulet "Fevepix" {Harm *Drain MP+9 Int+4 Dex+4} (You bought it in a shop in the Dungeon)
    58 | D        | Killed Terence
    58 | D        | Reached skill level 5 in Fighting
    58 | D        | Reached skill level 5 in Axes
    58 | D        | Reached XP level 2. HP: 27/29 MP: 0/1
   122 | D        | Noticed Sigmund
   130 | D        | Killed Sigmund
   130 | D        | Reached ** piety under Trog
   130 | D        | Reached skill level 7 in Fighting
   130 | D        | Reached XP level 3. HP: 5/39 MP: 2/2
   130 | D        | Reached XP level 4. HP: 6/47 MP: 3/3
   130 | D        | Reached XP level 5. HP: 6/52 MP: 4/4
   141 | D        | Noticed Jessica
   144 | D        | Killed Jessica
   149 | D        | Found a basalt altar of Yredelemnul.
   152 | D        | Found a snail-covered altar of Cheibriados.
   164 | D        | Found a stormy altar of Qazlal.
   164 | D        | Found a bloodstained altar of Trog.
   164 | D        | Found an iron altar of Okawaru.
   164 | D        | Found Ojoezocu's Magic Scroll Shop.
   164 | D        | Found Tootasis's Staff Store.
   165 | D        | Found Kaphidin's Magic Scroll Shop.
   165 | D        | Found Ruwinuxi's Must-Have Magic.
   175 | D        | Reached *** piety under Trog
   175 | D        | Arena points: 12 (+12) [x2]
   196 | D        | Round 2.
   201 | D        | Bought a wavering granite ring for 45 gold pieces
   201 | D        | Identified the ring of Ymmow {Slay+2 SInv} (You bought it in a shop in the Dungeon)
   273 | D        | Reached **** piety under Trog
   273 | D        | Reached skill level 8 in Fighting
   314 | D        | Arena points: 54 (+42) [x3]
   340 | D        | Bought a fine bronze ring for 45 gold pieces
   340 | D        | Identified the ring "Maet" {MP+9 Slay+2} (You bought it in a shop in the Dungeon)
   361 | D        | Round 3.
   367 | D        | Noticed a yak
   367 | D        | Reached XP level 6. HP: 44/62 MP: 5/5
   368 | D        | Noticed a porcupine
   368 | D        | Noticed a death yak
   376 | D        | Killed a porcupine
   376 | D        | Reached ***** piety under Trog
   376 | D        | Reached skill level 9 in Fighting
   377 | D        | Killed a yak
   377 | D        | Reached XP level 7. HP: 46/71 MP: 6/6
   377 | D        | Received a gift from Trog
   379 | D        | Killed a death yak
   379 | D        | Arena points: 138 (+84) [x4]
   379 | D        | Reached skill level 11 in Fighting
   379 | D        | Reached skill level 10 in Armour
   379 | D        | Reached skill level 10 in Dodging
   379 | D        | Reached XP level 8. HP: 53/82 MP: 7/7
   436 | D        | Round 4.
   458 | D        | Bought 3 potions of heal wounds for 105 gold pieces
   479 | D        | Noticed Joseph
   486 | D        | Killed Joseph
   489 | D        | Noticed Maurice
   490 | D        | Reached skill level 12 in Fighting
   501 | D        | Arena points: 258 (+120) [x5]
   515 | D        | Round 5.
   526 | D        | Noticed a witch
   527 | D        | Noticed a six-headed hydra
   530 | D        | Noticed a six-headed hydra
   534 | D        | HP: 6/124 [eight-headed hydra[a witch] (11)]
   534 | D        | HP: 1/124 [eight-headed hydra[a witch] (3)]
   538 | D        | Killed a witch
   538 | D        | Received a gift from Trog
   538 | D        | Arena points: 538 (+280) [x7]
   538 | D        | Reached XP level 9. HP: 3/92 MP: 8/8
   539 | D        | Got a decaying rune of Zot
   564 | D        | Reached skill level 13 in Fighting
   564 | D        | Reached XP level 10. HP: 46/101 MP: 9/9
   569 | D        | Bought 3 scrolls of identify for 150 gold pieces
   571 | D        | Bought a pair of spiked boots for 332 gold pieces
   576 | D        | Identified the +0 pair of boots of Asykloqu {rF+ rN+ MR-} (You bought it in a shop in the Dungeon)
   714 | D        | Round 6.
   720 | D        | Noticed a swamp dragon
   721 | D        | Noticed a swamp dragon
   728 | D        | Killed a swamp dragon
   732 | D        | Killed a swamp dragon
   732 | D        | Reached ****** piety under Trog
   732 | D        | Reached skill level 14 in Fighting
   733 | D        | Arena points: 922 (+384) [x8]
   779 | D        | Bought 3 potions of haste for 210 gold pieces
   788 | D        | Round 7.
   796 | D        | Noticed an oklob plant
   811 | D        | Received a gift from Trog
   909 | D        | Received a gift from Trog
   954 | D        | Arena points: 978 (+56) [x1]
   969 | D        | Round 8.
   972 | D        | Bought a crude lapis lazuli ring for 45 gold pieces
   973 | D        | Identified the ring "Emurph" {rElec SInv} (You bought it in a shop in the Dungeon)
  1055 | D        | Reached skill level 15 in Fighting
  1055 | D        | Reached skill level 15 in Axes
  1085 | D        | Reached XP level 11. HP: 112/112 MP: 10/10
  1102 | D        | Received a gift from Trog
  1114 | D        | Arena points: 1058 (+80) [x1]
  1129 | D        | Round 9.
  1146 | D        | Reached skill level 15 in Armour
  1235 | D        | Received a gift from Trog
  1251 | D        | Arena points: 1238 (+180) [x2]
  1312 | D        | Round 10.
  1324 | D        | Reached skill level 16 in Fighting
  1337 | D        | Noticed Polyphemus
  1344 | D        | Hit by a large rock thrown by Polyphemus

Vault maps used:
D:        arena_sprint

Action                   |  1- 3 |  4- 6 |  7- 9 | 10-12 || total
-------------------------+-------+-------+-------+-------++-------
Melee: Broad axe         |     8 |    17 |     2 |       ||    27
       Battleaxe         |       |       |    19 |       ||    19
       Executioner's axe |       |       |       |    57 ||    57
Invok: Berserk           |     1 |     1 |     1 |     1 ||     4
       Trog's Hand       |       |     1 |     1 |     1 ||     3
Evoke: Wand              |       |       |       |     1 ||     1
  Use: Potion            |       |       |     1 |       ||     1
       Scroll            |       |       |       |     1 ||     1
 Stab: Confused          |       |       |       |     2 ||     2
  Eat: Chunk             |       |       |     2 |     4 ||     6
